Cogmind - Beta 16 @@@ ROGUE MODE // 2025.11.17 @ 16:10:09 Player: Satori Result: Destroyed by 07-HIU(R) with Subdweller Machine Gun Performance ------------- Evolutions (0) 0 Regions Visited (2) 400 Robots Destroyed (18) 90 Value Destroyed (548) 548 Prototype IDs (0) 0 Alien Tech Used (0) 0 Bonus (0) 0 TOTAL SCORE: 1038 Bonus ------- None Cogmind --------- Core Integrity 0/250 Matter 257/300 Energy 23/100 System Corruption 0% Temperature Cool (0) Movement Rolling (105) Location -10/Subcaves Parts ------- > --- POWER (1) -------- (None) > --- PROPULSION (2) --- Compact Wheel Subdweller Monowheel > --- UTILITY (2) ------ Large Storage Unit Improved Terrain Scanner > --- WEAPON (2) ------- Subdweller Beam Cannon Subdweller Machine Gun > --- INVENTORY (15) --- Disposable Heat Sink Tractor Beam Subdweller Laser Shotgun Shotgun Shotgun Mining Laser Peak State ------------ > --- POWER ------------ Subdweller Power Source > --- PROPULSION ------- Subdweller Monowheel Subdweller Monowheel > --- UTILITY ---------- Large Storage Unit Improved Terrain Scanner > --- WEAPON ----------- Subdweller Machine Gun Subdweller Machine Gun > --- INVENTORY -------- Compact Wheel Disposable Heat Sink Tractor Beam Subdweller Laser Subdweller Beam Cannon Shotgun Shotgun Shotgun Battle Rifle Subdweller Machine Gun Mining Laser [Rating: 15] Favorites ----------- Power Ion Engine Engine Ion Engine Propulsion Light Treads Treads Light Treads Wheel Subdweller Monowheel Utility Seismic Detector Device Seismic Detector Storage Large Storage Unit Weapon Shotgun Energy Gun Medium Laser Energy Cannon Subdweller Beam Cannon Ballistic Gun Shotgun Special Weapon Mining Laser Build | -11 -10 -10 ------- Run | Yrd Mat Sub Slots Evolved . | . . . Power . | . . . Propulsion . | . . . Utility . | . . . Weapon . | . . . Parts Attached 25 | 6 6 13 Power 3 | 1 . 2 Engine 3 | 1 . 2 Core . | . . . Reactor . | . . . Propulsion 6 | 2 1 3 Treads 2 | 1 1 . Leg . | . . . Wheel 4 | 1 . 3 Hover . | . . . Flight . | . . . Utility 4 | 1 2 1 Device 2 | . 1 1 Storage 2 | 1 1 . Processor . | . . . Hackware . | . . . Protection . | . . . Artifact . | . . . Weapon 12 | 2 3 7 Energy Gun 1 | 1 . . Energy Cannon 2 | . . 2 Ballistic Gun 8 | 1 2 5 Ballistic Cannon . | . . . Launcher . | . . . Special Weapon 1 | . 1 . Impact Weapon . | . . . Slashing Weapon . | . . . Piercing Weapon . | . . . Special Melee Weapon . | . . . Unidentified Prototypes . | . . . Parts Lost 13 | . . 13 Power 3 | . . 3 Propulsion 4 | . . 4 Utility 1 | . . 1 Weapon 5 | . . 5 Highest Loss Streak 5 | . . 5 To Critical Strikes . | . . . Average Backups 9 | 2 7 10 Power . | . 1 . Propulsion 2 | . 1 2 Utility 1 | . 1 2 Weapon 4 | . 2 4 Tool/Special . | . . . Unused Backups 7 | . 3 4 Power 2 | . 2 . Propulsion . | . . . Utility 2 | . . 2 Weapon 3 | . 1 2 Tool/Special . | . . . Average Slot Usage (%) 97 | . 98 97 Engine 13 | . 14 13 Treads 20 | . 17 21 Wheel 6 | . 10 5 Device 12 | . 12 12 Storage 14 | . 14 14 Energy Gun 1 | . 4 . Energy Cannon 1 | . . 2 Ballistic Gun 23 | . 22 23 Special Weapon 1 | . . 1 Peak Build Rating 15 | 6 10 15 Average Rating 9 | 4 8 10 On Entrance 5 | . 6 10 Avg Prop Armor Cover (%) 9 | 15 6 12 Naked Turns . | . . . Heaviest Build 38 | 13 32 38 Greatest Support 40 | 20 40 40 Greatest Overweight (x) 1 | 1 1 1 Average Overweight (x) . | . . . Largest Inventory Capacity 15 | 8 15 15 Average Capacity 13 | 7 9 15 Most Carried 13 | 6 8 13 Average Carried 9 | 2 7 10 Final Capacity 15 | 8 15 15 Final Carried 8 | 6 8 7 Class Distribution -------------------- 87% | Mutant 12% | Scavenger-Mutant Dominant Class ---------------- Mutant | -10/Materials Mutant | -10/Subcaves Resources | -11 -10 -10 ----------- Run | Yrd Mat Sub Matter Collected 601 | 217 74 310 Remotely . | . . . Salvage Created 498 | 21 105 372 Parts 33 | 4 8 21 Haulers Intercepted . | . . . Recyclers Shooed . | . . . Parts Field Recycled . | . . . Retrieved Matter . | . . . Parts Self-Destructed 10 | . . 10 Prevented . | . . . Parts Restored . | . . . Kills | -11 -10 -10 ------- Run | Yrd Mat Sub Combat Hostiles Destroyed 15 | . 4 11 Guns 11 | . 4 7 Cannons 4 | . . 4 Classes Destroyed 7 | 1 4 2 Tunneler 1 | 1 . . Operator 1 | . 1 . Watcher 1 | . 1 . Swarmer 3 | . 3 . Grunt 1 | . 1 . Sentry 1 | . . 1 Subdweller 10 | . . 10 Best Kill Streak 3 | 1 3 3 Combat Bots Only 3 | . 3 3 Max Kills in Single Turn 1 | 1 1 1 Gunslinging . | . . . Exploded . | . . . Melee . | . . . Uniques/NPCs Destroyed . | . . . Combat | -11 -10 -10 -------- Run | Yrd Mat Sub Hostile Shots Fired 103 | . 17 86 Missed 31 | . 7 24 Hits 72 | . 10 62 Projectile 72 | . 10 62 AOE 5 | . . 5 Critical Strikes 1 | . . 1 Damage Taken 1607 | . 101 1506 Core 256 | . 12 244 Absorbed by Shields . | . . . Core Remaining (%) 100 | 100 . . Volleys Fired 58 | 1 13 44 Largest 2 | 2 2 2 Hottest 110 | 70 100 110 Shots Fired 100 | 2 22 76 Gun 76 | 2 18 56 Cannon 15 | . . 15 Launcher . | . . . Special 9 | . 4 5 Kinetic 71 | 1 14 56 Thermal 29 | 1 8 20 Explosive . | . . . Electromagnetic . | . . . Robot Hit Streak 17 | 1 4 17 Robot Miss Streak 3 | . 3 3 Penetration Max . | . . . Secondary Targets . | . . . Shots Hit Robots 69 | 1 11 57 Core Hits 29 | 1 7 21 Critical Kills . | . . . Critical Parts Destroyed . | . . . Critical Strikes 1 | . 1 . Burn 1 | . 1 . Melee Attacks . | . . . Impact . | . . . Slashing . | . . . Piercing . | . . . Sneak Attacks . | . . . Combat Hostiles . | . . . Follow-up Attacks . | . . . Damage Inflicted 1313 | 13 118 1182 Guns 1006 | 13 115 878 Cannons 304 | . . 304 Explosions . | . . . Melee . | . . . Ramming 3 | . 3 . Kinetic 956 | . 78 878 Thermal 354 | 13 37 304 Explosive . | . . . Electromagnetic . | . . . Impact . | . . . Slashing . | . . . Piercing . | . . . Highest Corruption . | . . . Average Corruption . | . . . Corruption Purged . | . . . Corruption Blocked . | . . . Overload Shots . | . . . Overflow Damage . | . . . Projectiles . | . . . Explosions . | . . . Melee . | . . . Knockbacks 1 | . 1 . Impact 1 | . 1 . Kinetic . | . . . Secondary . | . . . Self-Inflicted Damage . | . . . Shots . | . . . Rammed 1 | . 1 . Targets Rammed 1 | . 1 . Kicked . | . . . Crushed . | . . . Highest Temperature 80 | 30 80 5 Average Temperature 29 | 18 32 3 Received Heat Transfer 246 | . 42 204 Siege Activations . | . . . Martial Activations . | . . . Shielding Activations . | . . . Robots Disrupted . | . . . Combat Hostiles . | . . . Robots Corrupted . | . . . Combat Hostiles . | . . . Parts Fried . | . . . Impact Corruptions . | . . . Robots Melted . | . . . Combat Hostiles . | . . . Parts Melted 1 | . 1 . Heat Transferred 629 | 37 185 407 Parts Sabotaged . | . . . Parts Stolen . | . . . Parts Stripped . | . . . Power Chain Reactions . | . . . Alert | -11 -10 -10 ------- Run | Yrd Mat Sub Maximum Alert Level . | . . . Low Security (%) 100 | 100 100 . Level 1 . | . . . Level 2 . | . . . Level 3 . | . . . Level 4 . | . . . Level 5 . | . . . High Security . | . . . Max Security . | . . . Peak Influence 65 | 5 65 . Initial . | . . . Average 19 | . 22 . Influence Increases 225 | 5 200 20 Destroy 0b10 Robot/C 100 | . 80 20 Destroy 0b10 Robot/NC 15 | 5 10 . Destroy Leader 12 | . 12 . Successful Hack 4 | . 4 . Destroy Structure 4 | . 4 . Lose Combat Pursuer 90 | . 90 . Influence Decreases 225 | 5 200 20 Time Decay 209 | 5 200 4 Lost Part 16 | . . 16 Squads Dispatched 2 | . 2 . Investigation 1 | . 1 . Extermination . | . . . Reinforcement 1 | . 1 . Assault . | . . . Garrison . | . . . Intercept . | . . . Searches Triggered . | . . . Construction Impeded . | . . . Haulers Reinforced . | . . . Active Scanning Responses . | . . . Cargo Convoy Interrupts . | . . . Stealth | -11 -10 -10 --------- Run | Yrd Mat Sub Distress Signals 1 | . 1 . Communications Jammed . | . . . Distress Signals . | . . . Times Spotted 24 | . 12 12 Peak Tracking Total 6 | . 6 3 Tactical Retreats 2 | . 2 . Traps | -11 -10 -10 ------- Run | Yrd Mat Sub Traps Triggered 1 | . 1 . Indirectly . | . . . Trap Hack Attempts . | . . . Triggered . | . . . Disarmed . | . . . Reprogrammed . | . . . Reused . | . . . Traps Extracted . | . . . Installed . | . . . Triggered . | . . . Machines | -11 -10 -10 ---------- Run | Yrd Mat Sub Machines Disabled . | . . . Max in Single Turn . | . . . Machines Repaired . | . . . Machines Dismantled . | . . . Machines Sabotaged . | . . . Overloaded Fab Kills . | . . . Hacking | -11 -10 -10 --------- Run | Yrd Mat Sub Machines Accessed 4 | . 3 1 Terminals 3 | . 3 . Fabricators . | . . . Repair Stations . | . . . Recycling Units . | . . . Scanalyzers . | . . . Garrison Access . | . . . Total Hacks 9 | . 5 4 Successful 8 | . 4 4 Failed 1 | . 1 . Catastrophic . | . . . Database Lockouts . | . . . Manual 2 | . 2 . Terminals 5 | . 5 . Fabricators . | . . . Repair Stations . | . . . Recycling Units . | . . . Scanalyzers . | . . . Garrison Access . | . . . Terminal Hacks 6 | . 2 4 Record 4 | . . 4 Branch Access Points 1 | . 1 . Alert Level 1 | . 1 . Fabricator Hacks . | . . . Repair Station Hacks . | . . . Recycling Unit Hacks . | . . . Scanalyzer . | . . . Garrison Access Hacks . | . . . Unauthorized Hacks 2 | . 2 . Terminals 2 | . 2 . Skim 2 | . 2 . Fabricators . | . . . Repair Stations . | . . . Recycling Units . | . . . Scanalyzers . | . . . Garrison Access . | . . . Data Cores Recovered . | . . . Used . | . . . Hacking Detections 3 | . 3 . Full Trace Events . | . . . Feedback Events . | . . . Feedback Blocked . | . . . Robot Schematics Acquired . | . . . Robots Built . | . . . Authchips . | . . . Time . | . . . Total Robot Build Rating . | . . . Part Schematics Acquired . | . . . Parts Built . | . . . Authchips . | . . . Time . | . . . Total Part Build Rating . | . . . Part Studies Acquired . | . . . Parts Repaired . | . . . Time . | . . . Parts Recycled . | . . . Recycled Matter . | . . . Retrieved Matter . | . . . Retrieved Components . | . . . Parts Scanalyzed . | . . . Part Schematics Acquired . | . . . Parts Damaged . | . . . Bothacking | -11 -10 -10 ------------ Run | Yrd Mat Sub Used RIF Installer . | . . . Robots Hacked . | . . . Non-combat . | . . . Combat . | . . . Robot Hacks Applied . | . . . Relay Couplers Released . | . . . Fabnet Peak Effective % . | . . . Robots Rewired . | . . . Allies Hacked . | . . . Hacks Repelled . | . . . Allies | -11 -10 -10 -------- Run | Yrd Mat Sub Total Allies . | . . . Largest Group . | . . . Highest-Rated Group . | . . . Highest-Rated Ally . | . . . Total Orders . | . . . Ally Attacks . | . . . Total Damage . | . . . Kills . | . . . Allies Corrupted . | . . . Allies Melted . | . . . Intel | -11 -10 -10 ------- Run | Yrd Mat Sub Active Infowar (turns) 1836 | . 488 1348 Terrain 103 | . . 103 Seismic 1733 | . 488 1245 Robot Analysis Total . | . . . Derelict Logs Recovered 1 | . . 1 Drone Launches . | . . . Drone Recoveries . | . . . Exploration | -11 -10 -10 ------------- Run | Yrd Mat Sub Turns Passed 2066 | 70 532 1464 Spaces Moved 1210 | 55 292 863 Core 1 | 1 . . Treads 834 | 3 259 572 Legs . | . . . Wheels 375 | 51 33 291 Hover . | . . . Flight . | . . . Fastest Speed 50 | 50 95 110 Average Speed 145 | 95 152 145 Slowest Speed 160 | 160 160 160 Overloaded Moves . | . . . Propulsion Burnouts . | . . . Robots Hopped . | . . . Potential Cave-ins . | . . . Cave-ins Triggered . | . . . Exploration Rate (%) 36 | 3 56 50 Regions Visited 2 Branch Regions 1 Pre-discovered Areas . | . . . Known Exits Taken . | . . . Unknown Exits Taken 2 | 1 1 . Scrap Searched . | . . . Spaces Dug 4 | . 4 . Terrain Destroyed 8 | . 4 4 Melee . | . . . Projectile 8 | . 4 4 AOE . | . . . Terrain Rammed . | . . . Walls Destroyed . | . . . Machines Disabled . | . . . Actions | -11 -10 -10 --------- Run | Yrd Mat Sub Total 1400 | 67 350 983 Wait 75 | . 25 50 Move 1208 | 54 291 863 Hop . | . . . Pick Up 22 | 6 6 10 Fast Attach 9 | 6 2 1 Attach 12 | . 1 11 Detach 1 | . 1 . Swap 8 | . 4 4 Drop 6 | . 6 . Fire 58 | 1 13 44 Melee . | . . . Ram . | . . . Kick . | . . . Crush 1 | . 1 . Escape Stasis . | . . . Rewire . | . . . Trap . | . . . Miscellaneous . | . . . Route ------- -11/Scrapyard -10/Materials (discovered 5 exits: [*Mat x2] / *Min x2 / *Sub) -10/Subcaves (discovered 3 exits: *Mat x2 / Rec) History --------- Turn | Location | Event 15 | -11/Scrapyard | Discovered new exit (range 16) 71 | -11/Scrapyard | Entered Materials 140 | -10/Materials | Discovered new exit (range 11) 218 | -10/Materials | Identified exit to Mines 255 | -10/Materials | Discovered new exit (range 14) 304 | -10/Materials | Build established: Mutant 402 | -10/Materials | Discovered new exit (range 8) 575 | -10/Materials | Discovered new exit (range 7) 603 | -10/Materials | Entered Subcaves 667 | -10/Subcaves | Disturbed a concealed Subdweller 737 | -10/Subcaves | Discovered new exit (range 9) 750 | -10/Subcaves | Shifting Twisted Machinery released Sub. Laser 797 | -10/Subcaves | Shifting Twisted Machinery released Flamer 1493 | -10/Subcaves | Visited Clippyterm 1498 | -10/Subcaves | Identified exit to Materials 1498 | -10/Subcaves | Identified exit to Recycling 1498 | -10/Subcaves | Learned Research machine intel 1576 | -10/Subcaves | Ambushed by Subdwellers from Twisted Machinery 1767 | -10/Subcaves | Shifting Twisted Machinery released Mak. Thermal Plating 1884 | -10/Subcaves | Lost 5 parts (1p2n1u1w) 1912 | -10/Subcaves | Shifting Twisted Machinery released Sub. Monowheel 2036 | -10/Subcaves | Ambushed by Subdweller buried in earth 2036 | -10/Subcaves | Ambushed by Subdweller buried in earth 2048 | -10/Subcaves | Core integrity fell below 50% 2058 | -10/Subcaves | Core integrity fell below 20% 2059 | -10/Subcaves | Ambushed by Subdweller buried in earth 2067 | -10/Subcaves | Destroyed by 07-HIU(R) with Subdweller Machine Gun Last Messages --------------- 01866_ Acquired Disposable Heat Sink. 01870_ Acquired Sub. Beam Cannon. 01873_ Acquired 10 matter. Sub. Monowheel falls loose from the Twisted Machinery. 01916_ Acquired Sub. Monowheel. 02009_ Sub. Machine Gun destroyed. 02011_ Y-45 Defender destroyed. 02016_ Acquired 42 matter. [Achievement: Do Not Disturb] 02036_ Sub. Monowheel destroyed. 02037_ JU-S7B(R): "ARGHSUB!" 02037_ 17-28Z(R): "NOSTUCKSUB!" 02038_ Battle Rifle destroyed. 02040_ Sub. Machine Gun destroyed. 02043_ Sub. Power Source destroyed. 02049_ UE-VK4(R) destroyed. 02059_ JU-S7B(R) destroyed. 02060_ 07-HIU(R): "ARGHSUB!" 02064_ Subatomizers dissect the Sub. Power Source. 02066_ 17-28Z(R) destroyed. Map ----- +----------------------------------------------------+ | ?????????????????????????????????????????????????? | | ?????????????????????????????????????????????????? | | ?????????????????????????????????????????????????? | | ?????????????????????????????????????????????????? | | ?????????????????????????????????????????????????? | | ?????????????????????????????????????????????????? | | ?????????????????????????????????????????????????? | | ?????????????????????????????????????????????????? | | ?????????????????????????????????????????????????? | | ?????????????????????????????????????????????????? | | ?????????????????????????????????????????????????? | | ?????????????????????????????????????????????????? | | ?????????????????????????????????????????????????? | | ???????????????????#??? ?????????????????????????? | | ???????????????????????? ???#????????????????????? | | ?????????????? ??????????????????????????????????? | | ?????????????????????????????????????????????????? | | ????????????? ????????????????????#?????????????? | | ???????????? ????????????????#?#??????????????? | | ???????????? ??????###??????????#???????????? | | ???????????? ?##### #####??##????#?????????? | | ??????????? #; ;;; ##????#????#?#?????? | | ??????????? ; #???#?????????????? | | ?????????? #????????????????#? | | ?????????? ###????????????#??? | | ??????????????# @& & #???????????????? | | ???????????????# %[% ##???#???#???????? | | ???????????????## ! R #??????????????#? | | ????????######### ;###???????????????? | | ????##### ;#?????#??????????? | | ????# * ;;#???####?#????? ?? | | ?????# &%] ### ##??## ##????????? | | ?????# ! #;;; ; ## ##???#[ #????????? | | ????## ?## ;;;## #####% ###????????? | | ???## #???# #### ## ##??????? ??? | | ???# ######???#### ##?? ????????? | | ### ####????## #????????????? | | ## ##????# ### ????????? | | ???## #??#?## ## ???? ?? | | ???????# ## #????## ## ???? | | ?????????# ##### ####?## #? ????? | | ???????? #???# ## ### ##?# ????? | | ????? #???## ####??# #????? | | ???? ????#" #???### #???#? | | ???### ## ???# """# # # ###?# #????? | | ?????## #?# ??# "###### #?# ?????? | | ??????## #?? ?#"" "#?# ### #?????? | | ???????##??? ##""""""?#" ## #????"" | | ???????????? ### """"#?## ### "" | | ???????????? #?# """"#??## """ | +----------------------------------------------------+ Best States ------------- Heat Dissipation 25 Energy Generation 15 Energy Capacity 250 Matter Stores 300 Matter Capacity 300 Sight Range 16 Terrain Scan Range 16 Terrain Scan Density 10 Evasion (%) 44 Recoil Reduction 2 Item Schematics ----------------- None Robot Schematics ------------------ None Fabricated ------------ Nothing Repaired ---------- Nothing Studied --------- None Alien Tech Used ----------------- None Achievements -------------- DATA ERROR: Steam Global Achievement% Do Not Disturb For Emergencies Only Organ Harvest There's More Where That Came From Challenges ------------ None Game ------ Seed AlertVortexPlatform Manual? 0 Play Time 00:23:53 Cumulative 314.8 hours Start 2025.11.12 @ 01:47:49 End 2025.11.17 @ 16:10:09 Sessions 7 Manual Loads 0 Difficulty Rogue Special Mode None Game No. 110 Rogue 109 Adventurer 1 Explorer 0 Win Type - Total 10 Types 9/0/1/0/0/0/0/0/0/0 Lore% 73 Gallery% 73 Achievement% 36 Wizard Run 0 Options --------- Layout 0 ASCII 1 Keyboard 1 Movement Vi Keybinds 0 Fullscreen 1 Font 36/Terminus++ Map View 76x50 Zoom Use 0% Tactical HUD 1 Map Filters NONE Filters NONE Steam 0 RUN: 20f031c1-afe1-4bb0-91b6-359261062f91